 Dungeon Crawl Stone Soup version 0.32-a0-999-gfa1cc04b1d (webtiles) character file.

Game seed: 12123208122866697146

3154 ragingrage the Frost Mage (level 9, -17/64 HPs)
             Began as a Demigod Shapeshifter on Apr 25, 2024.
             Demolished by an orc warrior
             ... wielding a +0 hand axe
              (18 damage)
             ... in a bailey.
             The game lasted 00:11:53 (8759 turns).

ragingrage the Frost Mage (Demigod Shapeshifter)    Turns: 8759, Time: 00:11:53

Health: -17/64     AC: 16    Str: 15    XL:     9   Next: 36%
Magic:  14/20      EV: 10    Int: 24    God:
Gold:   364        SH:  0    Dex: 13    Spells: 4/18 levels left

rFire   . . .        y - +3 trident (drain)
rCold   . . .        (no shield)
rNeg    . . .        g - +0 ring mail
rPois   +            (no helmet)
rElec   .            (no cloak)
rCorr   .            l - +2 pair of gloves
SInv    .            n - +2 pair of boots
Will    .....        (no amulet)
Stlth   +            k - ring of poison resistance
HPRegen 0.30/turn    (no ring)
MPRegen 0.17/turn

%: no passive effects
@: ice-armoured, about to teleport, freezing walls
A: high MP 1, forlorn, divine attributes
a: no special abilities


You were in a bailey.
You visited 1 branch of the dungeon, and saw 8 of its levels.
You also visited: Bailey.

You collected 420 gold pieces.
You spent 56 gold pieces at shops.

Inventory:

Hand Weapons
 i - a +1 spear of venom
 y - a +3 trident of draining (weapon)
Missiles
 A - a throwing net (quivered)
Armour
 g - a +0 ring mail (worn)
 l - a +2 pair of gloves (worn)
 n - a +2 pair of boots (worn)
 x - an orb of guile
 D - a +2 scale mail of cold resistance
Jewellery
 k - a ring of poison resistance (left hand)
Talismans
 c - a beast talisman
 d - a flux talisman
Wands
 j - a wand of light (5)
 B - a wand of flame (14)
Scrolls
 e - 2 scrolls of teleportation
 f - 3 scrolls of fog
 h - a scroll of blinking
 o - a scroll of acquirement
 v - 2 scrolls of revelation
 w - 3 scrolls of enchant weapon
Potions
 a - a potion of curing
 b - a potion of lignification
 m - 3 potions of attraction
 p - 2 potions of heal wounds
 r - 2 potions of enlightenment {unknown}
 s - 5 potions of brilliance
 t - a potion of mutation {unknown}
 u - a potion of degeneration {unknown}
 z - a potion of cancellation {unknown}


   Skills:
 - Level 1.0 Fighting
 - Level 4.0 Polearms
 - Level 1.7 Dodging
 - Level 2.0 Stealth
 - Level 3.6 Unarmed Combat
 - Level 5.0 Spellcasting
 - Level 3.0 Summonings
 - Level 2.0 Translocations
 + Level 8.7 Ice Magic
 - Level 1.0 Air Magic
 - Level 2.6 Shapeshifting


You had 4 spell levels left.
You knew the following spells:

 Your Spells              Type           Power      Damage    Failure   Level
a - Ozocubu's Armour      Ice            47%        N/A       1%          3
b - Frozen Ramparts       Ice            94%        1d15      1%          3
d - Summon Ice Beast      Ice/Summ       34%        N/A       4%          3
e - Blink                 Tloc           30%        N/A       12%         2
f - Hailstorm             Conj/Ice       26%        3d7       9%          3

Your spell library contained the following spells:

 Spells                   Type           Power      Damage    Failure   Level
 Summon Small Mammal      Summ           80%        N/A       4%          1
 Apportation              Tloc           30%        N/A       8%          1
 Call Imp                 Summ           40%        N/A       8%          2
 Foxfire                  Conj/Fire      24%        2x1d5     17%         1
 Magic Dart               Conj           24%        1d4       17%         1
 Necrotise                Necr           24%        1d5       17%         1
 Sting                    Conj/Alch      24%        1d4       17%         1
 Static Discharge         Conj/Air       16%        3-4/arc   22%         2
 Sigil of Binding         Hex            6%         N/A       45%         3
 Summon Lightning Spire   Summ/Air       15%        N/A       58%         4
 Airstrike                Air            5%         2d(1-17)  75%         4
 Anguish                  Hex/Necr       3%         N/A       86%         4
 Cause Fear               Hex            3%         N/A       86%         4
 Metabolic Englaciation   Hex/Ice        13%        N/A       63%         5
 Arcjolt                  Conj/Air       4%         1d14      98%         5
 Permafrost Eruption      Ice/Erth       13%        2x4d4     99%         6
 Sculpt Simulacrum        Ice/Alch       13%        N/A       99%         6
 Plasma Beam              Fire/Air       4%         2x1d14    100%        6
 Starburst                Conj/Fire      3%         6d3       100%        6
 Enfeeble                 Hex            3%         N/A       100%        7
 Maxwell's Capacitive Co  Air            5%         ∞         100%        8


Dungeon Overview and Level Annotations

Branches:
Dungeon (8/15)             Temple (0/1) D:4            Lair (0/5) D:8
 Bailey (1/1)

Shops:
D:3 :   D:7 *


Innate Abilities, Weirdness & Mutations

You have an increased reservoir of magic. (+10% MP)
You shall have no god before yourself.
Your divine heritage dramatically boosts your attributes as you level up.


Message History

The goblin attacks as it pursues you! The goblin hits you but does no damage.
There is an open door here.
Unknown command.
The goblin attacks as it pursues you! The goblin closely misses you.
The orc warlord roars a battlecry!
The goblin attacks as it pursues you! The goblin hits you but does no damage.
The goblin attacks as it pursues you! The goblin misses you.
The hobgoblin shouts!
There is an open door here.
You puncture the hobgoblin!
You kill the hobgoblin!
The goblin hits you but does no damage. The goblin hits you but does no damage.
The goblin attacks as it pursues you! The goblin hits you with a +0 war axe!
The orc warlord roars a battlecry!
The orc warrior goes into a battle-frenzy!
There is an open door here.
A gnoll comes into view. It is wielding a +3 battleaxe of venom.
The gnoll hits you but does no damage.
The orc warlord roars a battlecry!
The gnoll hits you with a +3 battleaxe of venom.
You see here a scroll of acquirement.
o - a scroll of acquirement
As you read the scroll of teleportation, it crumbles to dust.
You feel strangely unstable.
The gnoll hits you with a +3 battleaxe of venom!
* * * LOW HITPOINT WARNING * * *
Casting: Frozen Ramparts (safe; 1% risk of failure)
A film of ice covers your body!
The gnoll hits you with a +3 battleaxe of venom!
* * * LOW HITPOINT WARNING * * *
The orc warrior barely misses you.
Casting: Ozocubu's Armour (safe; 1% risk of failure)
Casting: Frozen Ramparts (safe; 1% risk of failure)
Press: ? - help, Dir - look around, f - activate The walls around you are covered in ice.
The gnoll hits you with a +3 battleaxe of venom!
* * * LOW HITPOINT WARNING * * *
The orc warrior hits you with a +0 hand axe!!
You die...

##.........##
#######.....⌠.....#######
##.....##........)##.....##
#......))..)o.....).......#
##......)##.......##)......##
#.......).#.......#.........#
##.........##.....##.........##
#.....⌠.....#######.....⌠.....#
##.......).##..@..##...o.....##
#.........#).ogg.)#.....o...#
##....o..##.......##..o....##
#.......#....o....#....o..#
##..Y..##.........##.....##
##)####...........####'##
##.o...##....o....##...).##
#.......#....o....#...)...#
##...)...##.......##...o...##


You could see an orc warlord, 3 orc warriors, a gnoll and a goblin.

Vanquished Creatures
  Jeremiah (D:6)
  A troll (D:7)
  Eustachio (D:4)
  10 orc warriors (Bailey)
  2 ice beasts
  An ogre (D:5)
  3 bullfrogs
  2 scorpions
  2 gnoll sergeants (D:7)
  3 hounds
  2 bombardier beetles
  4 jellies
  An orc priest (D:5)
  3 iguanas
  Terence (D:3)
  An orc wizard (D:8)
  19 gnolls
  8 adders
  2 ufetubi (D:7)
  7 dart slugs
  A ribbon worm (D:3)
  14 orcs
  3 ball pythons
  8 bats
  7 endoplasms
  5 giant cockroaches
  18 goblins
  15 hobgoblins
  4 quokkas
  2 frilled lizards
  5 kobolds
  2 rats (D:3)
158 creatures vanquished.

Vanquished Creatures (collateral kills)
  An orc warrior (Bailey)
  A hobgoblin (Bailey)
2 creatures vanquished.

Grand Total: 160 creatures vanquished

Notes
Turn   | Place    | Note
-------+----------+-------------------------------------------
     0 | D:1      | ragingrage the Demigod Shapeshifter began the quest for the
                  | Orb.
     0 | D:1      | Reached XP level 1. HP: 15/15 MP: 3/3
   183 | D:1      | Reached skill level 1 in Stealth
   269 | D:1      | Reached XP level 2. HP: 16/22 MP: 4/4
   680 | D:2      | Reached skill level 1 in Ice Magic
   814 | D:2      | Reached XP level 3. HP: 27/27 MP: 5/5
  1326 | D:3      | Found Alonk's Vocational Training.
  1515 | D:3      | Noticed Terence
  1534 | D:3      | Killed Terence
  1661 | D:3      | Reached XP level 4. HP: 34/34 MP: 5/7
  1970 | D:3      | Learned a level 3 spell: Frozen Ramparts
  1995 | D:4      | Reached skill level 1 in Spellcasting
  2032 | D:3      | Reached skill level 2 in Ice Magic
  2408 | D:4      | Found a staircase to the Ecumenical Temple.
  2429 | D:4      | Reached skill level 3 in Ice Magic
  2429 | D:4      | Reached XP level 5. HP: 35/39 MP: 9/9
  2581 | D:4      | Learned a level 3 spell: Ozocubu's Armour
  2692 | D:4      | Noticed Eustachio
  2890 | D:4      | Killed Eustachio
  2891 | D:4      | Reached skill level 4 in Ice Magic
  2891 | D:4      | Reached XP level 6. HP: 42/46 MP: 1/10
  3341 | D:4      | Reached skill level 5 in Ice Magic
  3898 | D:5      | Entered Level 5 of the Dungeon
  4392 | D:5      | Reached skill level 6 in Ice Magic
  4392 | D:5      | Reached XP level 7. HP: 33/51 MP: 8/13
  4417 | D:5      | Learned a level 4 spell: Airstrike
  4470 | D:5      | Reached skill level 1 in Fighting
  4531 | D:5      | Reached skill level 1 in Air Magic
  5087 | D:6      | Reached skill level 1 in Summonings
  5234 | D:6      | Noticed Jeremiah
  6103 | D:6      | Killed Jeremiah
  6104 | D:6      | Reached XP level 8. HP: 34/59 MP: 10/17
  6529 | D:7      | Noticed a troll
  6536 | D:7      | Killed a troll
  6537 | D:7      | Reached skill level 1 in Polearms
  6537 | D:7      | Reached skill level 7 in Ice Magic
  6580 | D:7      | Found Gevosif's General Store.
  6590 | D:7      | Bought a potion of brilliance for 56 gold pieces
  7373 | D:8      | Learned a level 3 spell: Summon Ice Beast
  7376 | D:8      | Learned a level 2 spell: Blink
  7441 | D:8      | Found a staircase to the Lair.
  7589 | D:8      | Found a flagged portal.
  7629 | Bailey   | Entered a bailey
  7650 | Bailey   | Reached skill level 1 in Translocations
  7812 | Bailey   | Reached skill level 5 in Spellcasting
  7812 | Bailey   | Reached XP level 9. HP: 9/64 MP: 14/20
  8148 | Bailey   | Learned a level 3 spell: Hailstorm
  8256 | Bailey   | Reached skill level 8 in Ice Magic
  8685 | Bailey   | Noticed an orc warlord
  8759 | Bailey   | HP: 1/64 [gnoll/+3 battleaxe of venom (8)]
  8759 | Bailey   | Demolished by an orc warrior

Illustrated notes

Levels and vault maps discovered:
D:1:      spicycebolla_arrival_ecumenical, layout_basic
D:2:      layout_basic, basic_altar, minmay_diced_spiral
D:3:      layout_rooms, marbit_many_paths, nicolae_shop_vocational, uniq_terence
D:4:      layout_layer_cave, temple_green, serial_rivers,
          chequers_serial_rivers_micro_a, chequers_serial_rivers_small_b,
          chequers_serial_rivers_room_b, chequers_serial_rivers_large_b,
          chequers_serial_rivers_micro_c, guppyfry_early_lair_pool,
          uniq_eustachio
D:5:      layout_gridville, grunt_decor_arrowhead, nicolae_the_louvre
D:6:      layout_basic, uniq_jeremiah
D:7:      layout_loops_ring, serial_rivers, chequers_serial_rivers_micro_e,
          chequers_serial_rivers_micro_c, chequers_serial_rivers_small_a,
          chequers_serial_rivers_micro_d, chequers_serial_rivers_micro_b,
          serial_shops, nicolae_shop_peninsula
D:8:      statuecave_lemuel, layout_gridville, dpeg_oklobed_lair, enter_bailey_4
Bailey:   bailey_axe_minmay_hex_keep, bailey

Skill      XL: |  1  2  3  4  5  6  7  8  9 |
---------------+----------------------------+-----
Stealth        | 1 2 |  2.0
Unarmed Combat | 3 |  3.6
Ice Magic      | 1 3 4 6 7 8 |  8.7
Spellcasting   | 1 2 3 5 |  5.0
Fighting       | 1 |  1.0
Air Magic      | 1 |  1.0
Summonings     | 2 3 |  3.0
Polearms       | 2 4 |  4.0
Translocations | 1 2 |  2.0
Dodging        | |  1.7
Shapeshifting  | |  2.6

Action                     |  1- 3 |  4- 6 |  7- 9 || total
---------------------------+-------+-------+-------++-------
  Melee: Unarmed           |    77 |       |       ||    77
         Spear             |    48 |   178 |    74 ||   300
         Trident           |       |       |   127 ||   127
   Cast: Frozen Ramparts   |       |    10 |    33 ||    43
         Ozocubu's Armour  |       |     9 |    31 ||    40
         Summon Ice Beast  |       |       |     6 ||     6
         Hailstorm         |       |       |     1 ||     1
  Evoke: Wand              |       |       |     2 ||     2
    Use: Scroll            |       |     7 |     7 ||    14
         Potion            |       |       |     1 ||     1
   Stab: Sleeping          |     1 |     2 |     1 ||     4
         Distracted        |       |       |     1 ||     1
 Armour: Animal skin       |    16 |       |       ||    16
         Ring mail         |    58 |   105 |   173 ||   336
  Dodge: Dodged            |    65 |   118 |   113 ||   296
         Form:             |     1 |       |       ||     1

Table legend: (Time is in decaauts)
 A = Elapsed time spent in this place.
 B = Non-inter-level travel time spent in this place.
 C = Inter-level travel time spent in this place.
 D = Time resting spent in this place.
 E = Time spent auto-exploring this place.
 F = Levels seen in this place.
 G = Mean time per level.
                   A        B        C        D        E       F      G
               +--------+--------+--------+--------+--------+-----+--------+
         Total |   8853 |   8579 |    274 |   2035 |   4691 |   9 |  983.7 |
       Dungeon |   7712 |   7438 |    274 |   1376 |   4544 |   8 |  964.0 |
        Bailey |   1140 |   1140 |      0 |    659 |    147 |   1 | 1140.0 |
               +--------+--------+--------+--------+--------+-----+--------+

Top non-repeatable levels by time:
     D:4: 1807 daAuts
     D:5: 1520 daAuts
  Bailey: 1140 daAuts
     D:6: 1030 daAuts
     D:7: 920 daAuts
     D:3: 844 daAuts
     D:2: 690 daAuts
     D:1: 631 daAuts
     D:8: 267 daAuts
